| TOP OF THE 1ST |
|
Salt Lake Bees batting - Pitching for Pawtucket Red Sox : RHP Justin Stinson
|
|
Pitching: RHP Justin Stinson
|
|
|
Batting: SHB Butch Brown
|
0-0: Ball 1-0: Called Strike 1-1: Foul Ball, location: 2F 1-2: Strikes out swinging
|
|
Batting: LHB Brett Bugge
|
0-0: SINGLE (Groundball, 6MD, EV 100.0 MPH)
|
|
Batting: SHB Mario Padron
|
0-0: Fly out, F3 (Popup, 23, EV 85.0 MPH)
|
|
Batting: RHB Ryuji Ito
|
0-0: Ball 1-0: Ball 2-0: Foul Ball, location: 2F 2-1: Ground out 4-3 (Groundball, 4, EV 108.1 MPH)
|
| Top of the 1st over - 0 runs, 1 hit, 0 errors, 1 left on base; Salt Lake 0 - Pawtucket 0 |
| BOTTOM OF THE 1ST |
|
Pawtucket Red Sox batting - Pitching for Salt Lake Bees : RHP John Palumbo
|
|
Pitching: RHP John Palumbo
|
|
|
Batting: RHB Matt Hinkle
|
0-0: Ball 1-0: Foul Ball, location: 2F 1-1: Called Strike 1-2: Strikes out swinging
|
|
Batting: RHB Roberto Morales
|
0-0: Ball 1-0: Ball 2-0: Foul Ball, location: 2F 2-1: Ball 3-1: Base on Balls
|
|
Batting: RHB Dave Burwell
|
0-0: Ball 1-0: Foul Ball, location: 2F 1-1: Called Strike 1-2: Ball 2-2: DOUBLE (Line Drive, 8LXD, EV 101.9 MPH) Roberto Morales to third Runner from 3rd tries for Home, SAFE, no throw by CF
|
|
Batting: LHB Zack Guillen
|
0-0: Ball 1-0: Swinging Strike 1-1: Swinging Strike 1-2: Ball 2-2: Ground out 4-3 (Groundball, 4, EV 80.0 MPH) Dave Burwell to third
|
|
Batting: RHB Brandon Perris
|
0-0: Called Strike 0-1: Swinging Strike 0-2: Strikes out swinging
|
| Bottom of the 1st over - 1 run, 1 hit, 0 errors, 1 left on base; Salt Lake 0 - Pawtucket 1 |
| TOP OF THE 2ND |
|
Salt Lake Bees batting - Pitching for Pawtucket Red Sox : RHP Justin Stinson
|
|
Batting: RHB Kian-tat Chen
|
0-0: Ball 1-0: Ball 2-0: Fly out, F3 (Popup, 3S, EV 74.4 MPH)
|
|
Batting: RHB Jimmy Buzard
|
0-0: Called Strike 0-1: Called Strike 0-2: Strikes out swinging
|
|
Batting: RHB Brandon Davis
|
0-0: Called Strike 0-1: Swinging Strike 0-2: Ball 1-2: Ball 2-2: Foul Ball, location: 2F 2-2: Strikes out looking
|
| Top of the 2nd over - 0 runs, 0 hits, 0 errors, 0 left on base; Salt Lake 0 - Pawtucket 1 |
| BOTTOM OF THE 2ND |
|
Pawtucket Red Sox batting - Pitching for Salt Lake Bees : RHP John Palumbo
|
|
Batting: RHB Rodolfo Contreras
|
0-0: Ball 1-0: Called Strike 1-1: Ground out 6-3 (Groundball, 6, EV 86.2 MPH)
|
|
Batting: LHB Frank Olivo
|
0-0: Called Strike 0-1: Ground out 5-3 (Groundball, 56, EV 83.1 MPH)
|
|
Batting: RHB Joe Evrard
|
0-0: Ball 1-0: Foul Ball, location: 2F 1-1: SINGLE (Groundball, 6MD, EV 95.0 MPH)
|
|
Batting: RHB Ted Emmerich
|
0-0: Ball 1-0: Ball 2-0: Ball 3-0: Base on Balls Joe Evrard to second
|
|
Batting: RHB Matt Hinkle
|
0-0: Called Strike 0-1: Called Strike 0-2: Fly out, F8 (Line Drive, 8LM, EV 91.2 MPH)
|
| Bottom of the 2nd over - 0 runs, 1 hit, 0 errors, 2 left on base; Salt Lake 0 - Pawtucket 1 |
| TOP OF THE 3RD |
|
Salt Lake Bees batting - Pitching for Pawtucket Red Sox : RHP Justin Stinson
|
|
Batting: RHB Timoleon Tsikouna
|
0-0: Ball 1-0: Ball 2-0: Ball 3-0: Swinging Strike 3-1: Swinging Strike 3-2: Strikes out swinging
|
|
Batting: RHB Josh Faulconer
|
0-0: Ball 1-0: Swinging Strike 1-1: Ball 2-1: Swinging Strike 2-2: Ball 3-2: Strikes out swinging
|
|
Batting: SHB Butch Brown
|
0-0: Called Strike 0-1: Ball 1-1: Ground out U3 (Groundball, 3, EV 92.5 MPH)
|
| Top of the 3rd over - 0 runs, 0 hits, 0 errors, 0 left on base; Salt Lake 0 - Pawtucket 1 |
| BOTTOM OF THE 3RD |
|
Pawtucket Red Sox batting - Pitching for Salt Lake Bees : RHP John Palumbo
|
|
Batting: RHB Roberto Morales
|
0-0: Ball 1-0: Foul Ball, location: 2F 1-1: Swinging Strike 1-2: Foul Ball, location: 2F 1-2: Ball 2-2: Foul Ball, location: 2F 2-2: Ball 3-2: Base on Balls
|
|
Batting: RHB Dave Burwell
|
0-0: Called Strike 0-1: Fielders Choice at 2nd, 1-4 (Groundball, 25, EV 60.6 MPH)
|
|
Batting: LHB Zack Guillen
|
0-0: Ball 1-0: Ball Dave Burwell steals 2nd base 2-0: Called Strike 2-1: Foul Ball, location: 2F 2-2: Fly out, F7 (Flyball, 78S, EV 90.0 MPH)
|
|
Batting: RHB Brandon Perris
|
0-0: Ball 1-0: Foul Ball, location: 2F 1-1: Fly out, F5 (Popup, 56S, EV 78.8 MPH)
|
| Bottom of the 3rd over - 0 runs, 0 hits, 0 errors, 1 left on base; Salt Lake 0 - Pawtucket 1 |
| TOP OF THE 4TH |
|
Salt Lake Bees batting - Pitching for Pawtucket Red Sox : RHP Justin Stinson
|
|
Batting: LHB Brett Bugge
|
0-0: Ground out 5-3 (Groundball, 5L, EV 106.9 MPH)
|
|
Batting: SHB Mario Padron
|
0-0: Ball 1-0: Fly out, F8 (Flyball, 8LD, EV 82.5 MPH)
|
|
Batting: RHB Ryuji Ito
|
0-0: Ball 1-0: Foul Ball, location: 2F 1-1: Ball 2-1: Swinging Strike 2-2: Ball 3-2: Foul Ball, location: 2F 3-2: SINGLE (Groundball, 4MD, EV 110.6 MPH)
|
|
Batting: RHB Kian-tat Chen
|
0-0: Ball 1-0: Called Strike 1-1: Foul Ball, location: 2F 1-2: Ball 2-2: Fly out, F9 (Flyball, 9, EV 89.4 MPH)
|
| Top of the 4th over - 0 runs, 1 hit, 0 errors, 1 left on base; Salt Lake 0 - Pawtucket 1 |
| BOTTOM OF THE 4TH |
|
Pawtucket Red Sox batting - Pitching for Salt Lake Bees : RHP John Palumbo
|
|
Batting: RHB Rodolfo Contreras
|
0-0: Called Strike 0-1: Ground out 4-3 (Groundball, 34D, EV 90.6 MPH)
|
|
Batting: LHB Frank Olivo
|
0-0: Called Strike 0-1: Ball 1-1: DOUBLE (Flyball, 8RXD, EV 88.1 MPH)
|
|
Batting: RHB Joe Evrard
|
0-0: Called Strike 0-1: Called Strike 0-2: Foul Ball, location: 2F 0-2: Ball 1-2: Ball 2-2: Ball 3-2: Base on Balls
|
|
Batting: RHB Ted Emmerich
|
0-0: Called Strike 0-1: Ball 1-1: Ball 2-1: Swinging Strike 2-2: Strikes out looking
|
|
Batting: RHB Matt Hinkle
|
0-0: Swinging Strike 0-1: Ball 1-1: Foul Ball, location: 2F 1-2: Strikes out swinging
|
| Bottom of the 4th over - 0 runs, 1 hit, 0 errors, 2 left on base; Salt Lake 0 - Pawtucket 1 |
| TOP OF THE 5TH |
|
Salt Lake Bees batting - Pitching for Pawtucket Red Sox : RHP Justin Stinson
|
|
Batting: RHB Jimmy Buzard
|
0-0: Called Strike 0-1: Ball 1-1: Fly out, F7 (Flyball, 78M, EV 88.8 MPH)
|
|
Batting: RHB Brandon Davis
|
0-0: Swinging Strike 0-1: Ball 1-1: Foul Ball, location: 2F 1-2: Strikes out swinging
|
|
Batting: RHB Timoleon Tsikouna
|
0-0: Ball 1-0: SINGLE (Groundball, 25, EV 65.6 MPH) (infield hit)
|
|
Batting: RHB Josh Faulconer
|
0-0: Ball 1-0: Foul Ball, location: 2F 1-1: Foul Ball, location: 2F 1-2: Strikes out swinging, 2-3 out at first.
|
| Top of the 5th over - 0 runs, 1 hit, 0 errors, 1 left on base; Salt Lake 0 - Pawtucket 1 |
| BOTTOM OF THE 5TH |
|
Pawtucket Red Sox batting - Pitching for Salt Lake Bees : RHP John Palumbo
|
|
Batting: RHB Roberto Morales
|
0-0: Ball 1-0: Foul Ball, location: 2F 1-1: Ball 2-1: Ball 3-1: Swinging Strike 3-2: Strikes out swinging
|
|
Batting: RHB Dave Burwell
|
0-0: Called Strike 0-1: Ball 1-1: Called Strike 1-2: Ball 2-2: Ground out 5-3 (Groundball, 5L, EV 99.4 MPH)
|
|
Batting: LHB Zack Guillen
|
0-0: Called Strike 0-1: Foul Ball, location: 2F 0-2: Foul Ball, location: 2F 0-2: DOUBLE (Line Drive, 3D, EV 98.8 MPH)
|
|
Batting: RHB Brandon Perris
|
0-0: Ground out 6-3 (Groundball, 6, EV 105.0 MPH)
|
| Bottom of the 5th over - 0 runs, 1 hit, 0 errors, 1 left on base; Salt Lake 0 - Pawtucket 1 |
| TOP OF THE 6TH |
|
Salt Lake Bees batting - Pitching for Pawtucket Red Sox : RHP Justin Stinson
|
|
Batting: SHB Butch Brown
|
0-0: Ball 1-0: Swinging Strike 1-1: Foul Ball, location: 2F 1-2: Ball 2-2: Ball 3-2: Fly out, F7 (Flyball, 78S, EV 90.6 MPH)
|
|
Batting: LHB Brett Bugge
|
0-0: Ball 1-0: Ball 2-0: Called Strike 2-1: Foul Ball, location: 2F 2-2: Ground out 5-3 (Groundball, 56, EV 111.2 MPH)
|
|
Batting: SHB Mario Padron
|
0-0: Foul Ball, location: 2F 0-1: Ball 1-1: Ball 2-1: Ball 3-1: Swinging Strike 3-2: Strikes out swinging
|
| Top of the 6th over - 0 runs, 0 hits, 0 errors, 0 left on base; Salt Lake 0 - Pawtucket 1 |
| BOTTOM OF THE 6TH |
|
Pawtucket Red Sox batting - Pitching for Salt Lake Bees : RHP John Palumbo
|
|
Batting: RHB Rodolfo Contreras
|
0-0: Ball 1-0: Ball 2-0: Ball 3-0: Base on Balls
|
|
Batting: LHB Frank Olivo
|
0-0: Ball 1-0: DOUBLE (Flyball, 78D, EV 108.1 MPH) Rodolfo Contreras to third
|
|
Batting: RHB Joe Evrard
|
0-0: Fly out, F6 (Popup, 15, EV 90.6 MPH)
|
|
Batting: RHB Ted Emmerich
|
0-0: SINGLE (Line Drive, 34D, EV 96.2 MPH) Rodolfo Contreras scores Frank Olivo to third Runner from 3rd tries for Home, SAFE, throw by RF to home
|
|
Pitching: RHP Danny Nava
|
|
|
Batting: RHB Matt Hinkle
|
0-0: Ball 1-0: Called Strike 1-1: Ball 2-1: Swinging Strike 2-2: Foul Ball, location: 2F 2-2: Foul Ball, location: 2F 2-2: Strikes out swinging
|
|
Batting: RHB Roberto Morales
|
0-0: SINGLE (Groundball, 6M, EV 109.4 MPH) (infield hit) Ted Emmerich to second
|
|
Batting: RHB Dave Burwell
|
0-0: Ball 1-0: Ball 2-0: Ball 3-0: Base on Balls Ted Emmerich to third Roberto Morales to second
|
|
Batting: LHB Zack Guillen
|
0-0: Called Strike 0-1: Foul Ball, location: 2F 0-2: Strikes out swinging
|
| Bottom of the 6th over - 2 runs, 3 hits, 0 errors, 3 left on base; Salt Lake 0 - Pawtucket 3 |
| TOP OF THE 7TH |
|
Salt Lake Bees batting - Pitching for Pawtucket Red Sox : RHP Justin Stinson
|
|
Batting: RHB Ryuji Ito
|
0-0: Called Strike 0-1: Foul Ball, location: 2F 0-2: Ball 1-2: Ball 2-2: Foul Ball, location: 2F 2-2: Ball 3-2: Fly out, F4 (Popup, 13, EV 85.6 MPH)
|
|
Batting: RHB Kian-tat Chen
|
0-0: Ball 1-0: Swinging Strike 1-1: Ball 2-1: Called Strike 2-2: Ground out 5-3 (Groundball, 5S, EV 70.0 MPH)
|
|
Batting: RHB Jimmy Buzard
|
0-0: Ball 1-0: DOUBLE (Line Drive, 8LXD, EV 103.1 MPH)
|
|
Pitching: RHP Andy Garvin
|
|
|
Batting: RHB Brandon Davis
|
0-0: Ground out 5-3 (Groundball, 5, EV 102.5 MPH)
|
| Top of the 7th over - 0 runs, 1 hit, 0 errors, 1 left on base; Salt Lake 0 - Pawtucket 3 |
| BOTTOM OF THE 7TH |
|
Pawtucket Red Sox batting - Pitching for Salt Lake Bees : RHP Danny Nava
|
|
Pitching: RHP Eric Cunningham
|
|
|
Batting: RHB Brandon Perris
|
0-0: Foul Ball, location: 2F 0-1: Ball 1-1: Ball 2-1: Foul Ball, location: 2F 2-2: Ball 3-2: Foul Ball, location: 2F 3-2: Base on Balls
|
|
Batting: RHB Rodolfo Contreras
|
0-0: Bunt missed! 0-1: Sac Bunt to 5S - play at first, batter OUT! 5-3 Brandon Perris to second
|
|
Batting: LHB Frank Olivo
|
0-0: Ball 1-0: Ball 2-0: Ball 3-0: Called Strike 3-1: Base on Balls
|
|
Batting: RHB Joe Evrard
|
0-0: Ball 1-0: Called Strike 1-1: Swinging Strike 1-2: Strikes out swinging
|
|
Batting: RHB Ted Emmerich
|
0-0: Ball 1-0: Called Strike 1-1: Ball Wild Pitch! Brandon Perris to third Frank Olivo to second 2-1: Ball 3-1: Base on Balls
|
|
Batting: RHB Matt Hinkle
|
0-0: Called Strike 0-1: Ball 1-1: Ball 2-1: Foul Ball, location: 2F 2-2: Ground out 4-3 (Groundball, 4, EV 105.0 MPH)
|
| Bottom of the 7th over - 0 runs, 0 hits, 0 errors, 3 left on base; Salt Lake 0 - Pawtucket 3 |
| TOP OF THE 8TH |
|
Salt Lake Bees batting - Pitching for Pawtucket Red Sox : RHP Andy Garvin
|
|
Pinch Hitting: LHB Micah Miller
|
0-0: Ball 1-0: Ball 2-0: Called Strike 2-1: Swinging Strike 2-2: Ball 3-2: Foul Ball, location: 2F 3-2: Foul Ball, location: 2F 3-2: Strikes out swinging
|
|
Batting: RHB Josh Faulconer
|
0-0: Ball 1-0: Ball 2-0: Foul Ball, location: 2F 2-1: Ball 3-1: Called Strike 3-2: Base on Balls
|
|
Batting: SHB Butch Brown
|
0-0: Called Strike 0-1: Foul Ball, location: 2F 0-2: Foul Ball, location: 2F 0-2: Foul Ball, location: 2F 0-2: Fielders Choice at 2nd, 3-6 (Groundball, 3, EV 80.6 MPH)
|
|
Batting: LHB Brett Bugge
|
0-0: Ball 1-0: Foul Ball, location: 2F 1-1: Fly out, F7 (Flyball, 7S, EV 91.9 MPH)
|
| Top of the 8th over - 0 runs, 0 hits, 0 errors, 1 left on base; Salt Lake 0 - Pawtucket 3 |
| BOTTOM OF THE 8TH |
|
Pawtucket Red Sox batting - Pitching for Salt Lake Bees : RHP Eric Cunningham
|
|
Pitching: RHP Andy Kiefer
|
|
|
Now at 2B: Larry Prey
|
|
|
Now at SS: Ryuji Ito
|
|
|
Batting: RHB Roberto Morales
|
0-0: Foul Ball, location: 2F 0-1: Ball 1-1: Called Strike 1-2: Ball 2-2: Strikes out swinging
|
|
Batting: RHB Dave Burwell
|
0-0: Ball 1-0: Ball 2-0: Ball 3-0: Called Strike 3-1: Fly out, F8 (Flyball, 8LD, EV 103.8 MPH)
|
|
Batting: LHB Zack Guillen
|
0-0: SINGLE (Groundball, 3D, EV 98.8 MPH)
|
|
Batting: RHB Brandon Perris
|
0-0: Called Strike 0-1: Swinging Strike 0-2: Foul Ball, location: 2F 0-2: Ball 1-2: Ball 2-2: Foul Ball, location: 2F 2-2: Ground out 4-3 (Groundball, 4, EV 86.9 MPH)
|
| Bottom of the 8th over - 0 runs, 1 hit, 0 errors, 1 left on base; Salt Lake 0 - Pawtucket 3 |
| TOP OF THE 9TH |
|
Salt Lake Bees batting - Pitching for Pawtucket Red Sox : RHP Andy Garvin
|
|
Pitching: RHP Jim Whiteman
|
|
|
Batting: SHB Mario Padron
|
0-0: Ball 1-0: Swinging Strike 1-1: Fly out, F5 (Popup, 56, EV 69.4 MPH)
|
|
Batting: RHB Ryuji Ito
|
0-0: Foul Ball, location: 2F 0-1: Ball 1-1: Foul Ball, location: 2F 1-2: Strikes out swinging
|
|
Batting: RHB Kian-tat Chen
|
0-0: Foul Ball, location: 2F 0-1: Ball 1-1: Swinging Strike 1-2: Strikes out swinging
|
| Top of the 9th over - 0 runs, 0 hits, 0 errors, 0 left on base; Salt Lake 0 - Pawtucket 3 |
|